 Dungeon Crawl Stone Soup version 0.27.1-34-g3ba077fa99 (webtiles) character file.

Game seed: 1521479896972488698

448 multipassport the Vexing (level 7, -3/62 HPs)
             Began as a Naga Arcane Marksman on Jan 15, 2022.
             Was a Follower of Okawaru.
             Slain by Garym's ghost (14 damage)
             ... on level 5 of the Dungeon.
             The game lasted 00:25:19 (4903 turns).

multipassport the Vexing (Naga Arcane Marksman)     Turns: 4903, Time: 00:25:20

Health: -3/62      AC: 11    Str: 16 (17) XL:     7   Next: 3%
Magic:  19/19      EV: 10    Int: 13 (14) God:    Okawaru [*.....]
Gold:   220        SH:  0    Dex: 12 (13) Spells: 7/10 levels left

rFire    . . .     SeeInvis +   r - +12 trident of Massacring {venom, MP+9 Str+5}
rCold    . . .     Faith    .   (no shield)
rNeg     . . .     Spirit   .   o - +2 leather armour {rPois}
rPois    +         Reflect  .   (no helmet)
rElec    .         Harm     .   e - +1 cloak
rCorr    .         Rampage  .   (no gloves)
Will     .....                  (no barding)
Stlth    +.........             (no amulet)
HPRegen  0.20/turn              l - ring of flight
MPRegen  0.16/turn              m - +4 ring of protection

@: about to teleport, flying, very slow
A: AC +2, large, see invisible, deformed body, poison resistance, slowness 2,
spit poison 1, naga tail 1
a: Spit Poison, Renounce Religion, Heroism


You were on level 5 of the Dungeon.
You worshipped Okawaru.
Okawaru was aware of your devotion.
You visited 1 branch of the dungeon, and saw 6 of its levels.

You collected 220 gold pieces.

Inventory:

Hand Weapons
 a - a +0 shortbow of flaming
 j - a +2 dagger of speed
 r - the +12 trident of Massacring (weapon) {venom, MP+9 Str+5}
   (You found it on level 5 of the Dungeon)

   It poisons the flesh of those it strikes.
   Str:       It affects your strength (+5).
   MP:        It affects your magic capacity (+9).
Missiles
 c - 70 arrows
 n - 46 bolts
 s - a throwing net (quivered)
Armour
 e - a +1 cloak (worn)
 o - a +2 leather armour of poison resistance (worn)
Jewellery
 l - a ring of flight (left hand)
 m - a +4 ring of protection (right hand)
Scrolls
 f - a scroll of fog
 g - a scroll of noise {unknown}
 h - a scroll of amnesia {unknown}
 p - a scroll of fear {unknown}
 q - a scroll of identify
Potions
 b - 2 potions of haste
 d - a potion of degeneration
 k - 2 potions of brilliance {unknown}


   Skills:
 + Level 3.2 Fighting
 + Level 0.0 Polearms
 - Level 3.5 Bows
 + Level 3.1 Dodging
 + Level 2.0 Spellcasting
 + Level 4.4 Hexes


You had 7 spell levels left.
You knew the following spells:

 Your Spells              Type           Power      Damage    Failure   Level
a - Corona                Hex            13%        N/A       4%          1
b - Slow                  Hex            12%        N/A       8%          2

Your spell library contained the following spells:

 Spells                   Type           Power      Damage    Failure   Level
 Shock                    Conj/Air       4%         1d3       30%         1
 Inner Flame              Hex/Fire       7%         N/A       36%         3
 Portal Projectile        Hex/Tloc       14%        N/A       36%         3
 Cause Fear               Hex            6%         N/A       45%         4
 Gell's Gravitas          Tloc           0%         N/A       67%         3
 Ozocubu's Armour         Ice            1%         N/A       67%         3
 Teleport Other           Tloc           1%         N/A       67%         3
 Blade Hands              Tmut           0%         N/A       100%        5
 Dispersal                Tloc           0%         N/A       100%        6
 Eringya's Noxious Bog    Tmut/Pois      0%         N/A       100%        6
 Ozocubu's Refrigeration  Ice            0%         4d5       100%        7
 Chain Lightning          Conj/Air       0%         2d1       100%        9
 Fire Storm               Conj/Fire      0%         6d1       100%        9


Dungeon Overview and Level Annotations

Branches:
Dungeon (6/15)
 Temple: D:4-7

Altars:
Kikubaaqudgha
Makhleb
Okawaru
Zin

Shops:
D:1 *   D:2 *

Annotations:
D:5 Garym's ghost, novice MiGl


Innate Abilities, Weirdness & Mutations

Your serpentine skin is tough. (AC +2)
You have supernaturally acute eyesight. (SInv)
Armour fits poorly on your strangely shaped body.
Your system is resistant to poisons. (rPois)
You cover ground very slowly.
You can spit poison.
You have a snake-like lower body.


Message History

The dart slug looks as sick as possible!
The dart slug is almost dead.
You kill the dart slug!
Okawaru accepts your kill.
You see here a dart slug corpse.
Found a runed translucent gate.
The kobold shouts!
You hear a shout!
The kobold shouts!
The kobold brigand shouts!
The kobold shouts!
The kobold shouts!
Garym's ghost turns its malevolent gaze towards you.
Garym's ghost whispers, "The ORB doesn't exist."
The kobold shouts!
Found a runed mace and 15 gold pieces.
Reach: r) +12 trident of Massacring {venom, MP+9 Str+5}
Press: ? - help, Dir - move target, f - you
Okay, then.
Garym's ghost says, "I excel at staving off weak adventurers."
Garym's ghost shrieks, "You will join me soon!"
You reach down and open the gate.
Garym's ghost whispers, "There is no future for you."
The kobold closely misses you.
Garym's ghost says, "I excel at staving off weak adventurers."
Garym's ghost hits you! Garym's ghost hits you!
The kobold throws a poisoned dart.
The poisoned dart closely misses you.
The kobold throws a poisoned dart.
The poisoned dart barely misses you.
The kobold throws a poisoned dart.
The poisoned dart hits you! Garym's ghost hits you!
Garym's ghost hits you but does no damage.
You closely miss Garym's ghost. Garym's ghost hits you.
You barely miss Garym's ghost. Garym's ghost hits you!
You closely miss Garym's ghost. Garym's ghost hits you!
* * * LOW HITPOINT WARNING * * *
As you read the scroll of teleportation, it crumbles to dust.
You feel strangely unstable. Garym's ghost closely misses you.
It was a potion of degeneration.
There was something very wrong with that liquid.
You feel weakened.
You feel dopey.
You feel clumsy. Garym's ghost hits you!
You die...

.###..###..... .#
##........#
.####.#####..#
..##..# ##.# .....##
#..# .###..# ##.# .#
##.###..# ### .#
#..#...## #.# .#
##......####@# .#
#.........##W#
.#...#...#†..KK##
....####......KK####
...# ##.....KK...#
... ##.....#.### .#
###...#..## #
#####..#......#
#.⌠.##.#.....####


You could see Garym's ghost and 5 kobolds.

Vanquished Creatures
  A gnoll sergeant (D:5)
  A scorpion (D:5)
  A centaur zombie (D:5)
  An iguana (D:4)
  2 orc wizards
  8 gnolls
  7 adders
  3 worms
  7 dart slugs
  7 orcs
  5 endoplasms
  A giant cockroach (D:2)
  5 goblins
  A hobgoblin (D:2)
  6 kobolds
  A quokka (D:3)
  5 ball pythons
  6 bats
  2 frilled lizards
  3 rats
73 creatures vanquished.

Notes
Turn   | Place    | Note
-------+----------+-------------------------------------------
     0 | D:1      | multipassport the Naga Arcane Marksman began the quest for
                  | the Orb.
     0 | D:1      | Reached XP level 1. HP: 18/18 MP: 2/2
   210 | D:1      | Found a faded altar of an unknown god.
   225 | D:1      | Became a worshipper of Warmaster Okawaru
   225 | D:1      | Reached * piety under Okawaru
   518 | D:1      | Found Libbis's General Store.
   554 | D:1      | Reached XP level 2. HP: 23/25 MP: 3/3
  1121 | D:2      | Reached XP level 3. HP: 23/31 MP: 2/4
  1433 | D:2      | Found Beent's Assorted Antiques.
  1853 | D:3      | Reached XP level 4. HP: 39/39 MP: 3/5
  2209 | D:3      | Found a glowing silver altar of Zin.
  2783 | D:4      | Reached XP level 5. HP: 44/46 MP: 3/6
  3141 | D:4      | You are sucked into a shaft and drop 2 floors!
  3231 | D:5      | Entered Level 5 of the Dungeon
  3250 | D:5      | Reached skill level 4 in Hexes
  3328 | D:4      | Found an ancient bone altar of Kikubaaqudgha.
  3523 | D:4      | Learned a level 2 spell: Slow
  3847 | D:4      | Reached XP level 6. HP: 55/55 MP: 5/7
  4165 | D:5      | Found a burning altar of Makhleb.
  4483 | D:5      | Reached XP level 7. HP: 51/62 MP: 5/10
  4492 | D:5      | Identified the +12 trident of Massacring {venom, MP+9
                  | Str+5}
  4743 | D:5      | Got the Volume of Mutagenic Lightness
  4862 | D:5      | Found a runed translucent gate.
  4863 | D:5      | Found a runed translucent gate.
  4863 | D:5      | Found a runed translucent gate.
  4877 | D:5      | Noticed Garym's ghost (novice MiGl)
  4903 | D:5      | Slain by Garym's ghost

Illustrated notes

Levels and vault maps discovered:
D:1:      roderic_chinese_lattice_arrival, layout_loops_corners, serial_shops,
          nicolae_shop_waterfront, shapermc_ecumenical_altar_mp_ritualfount
D:2:      layout_rooms, serial_shops, nicolae_shop_overgrown_old_shop
D:3:      layout_basic, zin_statuary
D:4:      minmay_angry_zag, layout_basic, mainiacjoe_overflow_small_starburst
D:5:      layout_layer_cave, mainiacjoe_overflow_catwalk_spiral, temple_hall,
          gammafunk_ghost_nasty_kobolds, uniq_menkaure
D:6:      layout_rooms, mainiacjoe_overflow_alcove_2

Skill      XL: |  1  2  3  4  5  6 |
---------------+-------------------+-----
Bows           | 2 3 |  3.5
Dodging        | 2 3 |  3.1
Fighting       | 2 3 |  3.2
Hexes          | 4 |  4.4
Spellcasting   | 2 |  2.0

Action                   |  1- 3 |  4- 6 |  7- 9 || total
-------------------------+-------+-------+-------++-------
Melee: Mace              |    20 |       |       ||    20
       Dagger            |    18 |       |       ||    18
       Trident           |       |       |     4 ||     4
 Fire: Shortbow          |    30 |    89 |       ||   119
 Cast: Corona            |    19 |    60 |       ||    79
       Slow              |       |     1 |       ||     1
Invok: Heroism           |       |     1 |       ||     1
 Abil: Spit Poison       |    21 |    39 |       ||    60
  Use: Scroll            |       |     5 |     1 ||     6
       Potion            |       |     1 |     1 ||     2
Armor: Robe              |    16 |     4 |       ||    20
       Leather armour    |       |    38 |     1 ||    39
Dodge: Dodged            |    40 |    45 |     4 ||    89
